 Dungeon Crawl Stone Soup version 0.25-a0-834-g55863b0b92 (webtiles) character file.

Game seed: 13894156884801130741, levelgen mode: deterministic

32 Ashen the Grave Robber (level 3, -4/26 HPs)
             Began as a Mummy Necromancer on Apr 22, 2020.
             Slain by Crazy Yiuf
             ... wielding a +2 quarterstaff of chaos
              (9 damage)
             ... on level 2 of the Dungeon.
             The game lasted 00:03:52 (1251 turns).

Ashen the Grave Robber (Mummy Necromancer)          Turns: 1251, Time: 00:03:53

Health: -4/26      AC:  2    Str: 11    XL:     3   Next: 10%
Magic:  2/7        EV: 12    Int: 15    God:
Gold:   45         SH:  0    Dex: 12    Spells: 6/8 levels left

rFire    x . .     SeeInvis .   (no weapon)
rCold    + . .     Gourm    .   (no shield)
rNeg     + + +     Faith    .   a - +0 robe
rPois    ∞         Spirit   .   (no helmet)
rElec    .         Reflect  .   (no cloak)
rCorr    .         Harm     .   (no gloves)
MR       +....                  (no boots)
Stlth    ++........             (no amulet)
HPRegen  0.08/turn              e - ring of protection from magic
MPRegen  0.10/turn              b - ring of stealth

@: confused
A: no food or potions, fire vulnerability, cold resistance 1, negative energy
resistance 3, torment resistance, unbreathing
a: no special abilities


You were on level 2 of the Dungeon.
You were not hungry.

You visited 1 branch of the dungeon, and saw 2 of its levels.

You collected 45 gold pieces.

Inventory:

Armour
 a - a +0 robe (worn)
Jewellery
 b - a ring of stealth (right hand)
 e - a ring of protection from magic (left hand)
Scrolls
 c - a scroll of enchant armour {unknown}
 d - a scroll of immolation {unknown}
 f - a scroll of amnesia {unknown}
 g - a scroll of remove curse {unknown}


   Skills:
 + Level 1.0 Fighting
 + Level 1.9 Dodging
 + Level 2.0 Stealth
 + Level 3.1 Spellcasting
 + Level 4.2 Necromancy


You had 6 spell levels left.
You knew the following spells:

 Your Spells              Type           Power        Failure   Level  Hunger
a - Pain                  Necr           ###.         3%          1    N/A
b - Animate Skeleton      Necr           N/A          3%          1    N/A

Your spell library contained the following spells:

 Spells                   Type           Power        Failure   Level  Hunger
 Vampiric Draining        Necr           ###.......   11%         3    N/A
 Animate Dead             Necr           N/A          34%         4    N/A
 Agony                    Necr           ###.....     67%         5    N/A

Dungeon Overview and Level Annotations

Branches:
Dungeon (2/15)

Altars:

Annotations:
D:2 Crazy Yiuf


Innate Abilities, Weirdness & Mutations

You do not eat or drink.
Your flesh is vulnerable to fire.
You are immune to poison.
Your flesh is cold resistant. (rC+)
You are immune to negative energy. (rN+++)
You are immune to unholy pain and torment.
You can survive without breathing.


Message History

Aim: Crazy Yiuf, wielding a +2 quarterstaff of chaos and wearing a +0 cloak (heavily wounded, chance to defeat MR: 80%) Crazy Yiuf writhes in agony.
Crazy Yiuf hits you with a +2 quarterstaff of chaos.
You are electrocuted!
Casting: Pain (safe; 3% risk of failure)
Confirm with . or Enter, or press ? or * to list all spells.
Aiming: Pain (safe; 3% risk of failure)
Press: ? - help, Shift-Dir - straight line, f/p - Crazy Yiuf
Aim: Crazy Yiuf, wielding a +2 quarterstaff of chaos and wearing a +0 cloak (severely wounded, chance to defeat MR: 80%) Crazy Yiuf writhes in agony.
Crazy Yiuf hits you with a +2 quarterstaff of chaos!
* * * LOW HITPOINT WARNING * * *
You are confused.
You're too confused to cast spells.
You're too confused to cast spells.
Unknown command.
Unknown command.
You see here a mace.
Crazy Yiuf hits you with a +2 quarterstaff of chaos!
You die...

#.# ..# #.# #####
#####.# #).)#
.....# #)))#
######..# )))
.....!... #g#
#####..# ♣@♣♣ #..#
♣♣)♣ #######..#
♣)♣♣ ..........
♣♣)♣ #######..#
♣♣)♣♣ #..# ♣♣..)♣
#..# ♣....♣ #..#
##..## #...
#....###########.##


You could see Crazy Yiuf.

Vanquished Creatures
  4 giant cockroaches
  6 goblins (D:1)
  2 hobgoblins (D:1)
  7 kobolds (D:1)
  3 bats (D:1)
  A frilled lizard (D:1)
  2 rats (D:1)
25 creatures vanquished.

Vanquished Creatures (collateral kills)
  An ooze (D:1)
  A hobgoblin (D:1)
2 creatures vanquished.

Grand Total: 27 creatures vanquished

Notes
Turn   | Place    | Note
-------+----------+-------------------------------------------
     0 | D:1      | Ashen the Mummy Necromancer began the quest for the Orb.
     0 | D:1      | Reached XP level 1. HP: 13/13 MP: 4/4
   180 | D:1      | Learned a level 1 spell: Animate Skeleton
   231 | D:1      | Reached XP level 2. HP: 20/20 MP: 1/5
  1018 | D:1      | Reached skill level 1 in Fighting
  1023 | D:1      | Reached XP level 3. HP: 24/26 MP: 0/7
  1240 | D:2      | Found a runed translucent door.
  1241 | D:2      | Noticed Crazy Yiuf
  1251 | D:2      | Slain by Crazy Yiuf

Levels and vault maps discovered:
D:1:      dpeg_arrival_shelter, layout_basic, minmay_distorted
D:2:      layout_basic, first_ration, uniq_crazy_yiuf_cottage

Skill      XL: |  1  2  3 |
---------------+----------+-----
Spellcasting   | 3 |  3.1
Fighting       | 1 |  1.0
Stealth        | 2 |  2.0
Dodging        | |  1.9
Necromancy     | |  4.2

Action                   || total
-------------------------++-------
Melee: Unarmed           ||    11
 Cast: Pain              ||    49
       Animate Skeleton  ||    11
Armor: Robe              ||     2
Dodge: Dodged            ||    13

Table legend:
 A = Non-vault XP
 B = Vault XP
 C = Vault XP percentage of total XP
 D = Non-vault monster count
 E = Vault monster count
 F = Vault count percentage of total count
                 A         B        C        D         E       F
            +---------+---------+-------+---------+---------+-------
      Total |      39 |       8 |  17.0 |      25 |       2 |   7.4
            +---------+---------+-------+---------+---------+-------
        D:1 |      37 |       8 |  17.8 |      24 |       2 |   7.7
        D:2 |       2 |       0 |   0.0 |       1 |       0 |   0.0
            +---------+---------+-------+---------+---------+-------
